 Dungeon Crawl Stone Soup version 0.29-a0-653-gd47aff6735 (webtiles) character file.

Game seed: 2837491364255239863

5522 ders the Thaumaturge (level 11, -1/65 HPs)
             Began as a Djinni Conjurer on June 21, 2022.
             Was a Follower of Ashenzari.
             Killed by an exploding fulminant prism (34 damage)
             ... on level 1 of the Lair of Beasts.
             The game lasted 00:12:09 (12493 turns).

ders the Thaumaturge (Djinni Conjurer)             Turns: 12493, Time: 00:12:10

Health: -1/65      AC:  3    Str:  6    XL:     11   Next: 1%
Gold:   521        EV: 12    Int: 23    God:    Ashenzari [*.....] SH:  0 Dex: 13

rFire   + + +      SeeInvis .   y - +3 quarterstaff (chaos)
rCold   x . .      Faith    .   (shield currently unavailable)
rNeg    . . .      Spirit   .   a - +0 robe
rPois   ∞          Reflect  .   p - +0 hat "Behold Eternity" {Self, Cun} (curse)
rElec   .          Harm     .   c - +0 cloak
rCorr   .          Rampage  .   (no gloves)
Will    +....                   (boots unavailable)
Stlth   ++........              (no amulet)
HPRegen 0.20/turn               z - ring of Curses and Power {Wiz, Evo, Self} (curse)
MPRegen 0.00/turn               w - ring of protection from fire

@: flying
A: sickness immunity, fire resistance 2, cold vulnerability 1, float, innate
caster, HP casting, extra vitality 1
a: Renounce Religion, Curse Item, Shatter the Chains


You were on level 1 of the Lair of Beasts.
You worshipped Ashenzari.
Ashenzari was aware of your devotion.
You visited 3 branches of the dungeon, and saw 10 of its levels.

You collected 557 gold pieces.
You spent 36 gold pieces at shops.

Inventory:

Hand Weapons
 e - a +2 dagger of venom
 y - a +3 quarterstaff of chaos (weapon)
Missiles
 B - a throwing net
Armour
 a - a +0 robe (worn)
 c - a +0 cloak (worn)
 p - the cursed +0 hat "Behold Eternity" (worn) {Self, Cun}
   (You found it on level 4 of the Dungeon)

   It has a curse which improves the following skills: Introspection: Fighting
   and Spellcasting.
   Cunning:   Dodging and Stealth.
Jewellery
 w - a ring of protection from fire (right hand)
 z - the cursed ring of Curses and Power (left hand) {Wiz, Evo, Self}
   (You found it on level 6 of the Dungeon)

   [ring of wizardry]

   It improves your spell success rate.
   It has a curse which improves the following skills: Evocations: Evocations.
   Introspection: Fighting and Spellcasting.
 C - a ring of ice
 D - a ring of fire
 F - a +4 ring of protection
 G - a +6 ring of intelligence
Wands
 H - a wand of quicksilver (6)
Scrolls
 b - 9 scrolls of teleportation
 f - 2 scrolls of summoning
 j - 7 scrolls of identify
 l - 3 scrolls of magic mapping
 m - 2 scrolls of immolation
 r - a scroll of acquirement
 u - a scroll of amnesia
 v - 2 scrolls of torment
 A - a scroll of enchant weapon
Potions
 d - a potion of haste
 g - 3 potions of lignification
 h - 5 potions of brilliance
 i - a potion of attraction
 k - 2 potions of heal wounds
 n - 2 potions of resistance
 o - 3 potions of curing
 q - a potion of cancellation
 s - a potion of mutation
 t - 2 potions of might
 x - a potion of invisibility
 E - a potion of ambrosia


   Skills:
 - Level 2.1(2.8) Dodging
 - Level 1.5(2.2) Stealth
 + Level 12.5(13.7) Spellcasting


You had 8 spell levels left.
You knew the following spells:

 Your Spells              Type           Power      Damage    Failure   Level
a - Magic Dart            Conj           100%       1d8       0%          1
b - Searing Ray           Conj           100%       2d8       0%          2
c - Dazzling Flash        Conj/Hex       100%       N/A       1%          3
d - Fulminant Prism       Conj/Hex       34%        3d16      1%          4
e - Iskenderun's Mystic   Conj/Tloc      68%        2d14      1%          4
f - Sandblast             Erth           100%       2d20      0%          1
g - Call Imp              Summ           68%        N/A       0%          2
h - Gell's Gravitas       Tloc           68%        N/A       1%          3
i - Cause Fear            Hex            34%        N/A       1%          4
j - Fireball              Conj/Fire      34%        3d14      1%          5
Your spell library was empty.

Dungeon Overview and Level Annotations

Branches:
Dungeon (8/15)             Temple (1/1) D:5            Lair (1/6) D:8

Altars:
Ashenzari
Cheibriados
Dithmenos
Elyvilon
Fedhas
Gozag
Hepliaklqana
Kikubaaqudgha
Makhleb
Nemelex Xobeh
Okawaru
Qazlal
Ru
Sif Muna
Trog
Uskayaw
Vehumet
Wu Jian
Xom
Yredelemnul
Zin
The Shining One

Shops:
D:1 !   D:4 !

Annotations:
D:6 2 transporters


Innate Abilities, Weirdness & Mutations

You are immune to sickness and miasma.
You are immune to poison.
Your flesh is very heat resistant. (rF++)
You are vulnerable to cold. (rC-)
You float through the air rather than walking.
You learn spells naturally, not from books.
Your magical power is your life essence.
You have superior vitality. (+4 MHP)


Message History

The bullfrog hits you. x2
Your fulminant prism crackles loudly.
A killer bee comes into view.
Casting: Fulminant Prism (safe; 1% risk of failure)
Confirm with . or Enter, or press ? or * to list all spells.
You erupt in a blast of force!
The mystic blast hits the killer bee!!
You kill the killer bee!
The mystic blast hits the bullfrog!
You kill the bullfrog!
You hear an angry buzzing noise.
The blink frog blinks!
A blink frog comes into view.
A killer bee comes into view. x2
The water moccasin bites your fulminant prism.
Your fulminant prism crackles loudly.
Your fulminant prism explodes!
The blast of energy engulfs the water moccasin!
The water moccasin is almost dead.
The blast of energy engulfs the bush!!
The bush is moderately damaged.
The blast of energy engulfs the cane toad!
The cane toad is almost dead.
You hear a bellow!
You hear an angry buzzing noise.
You hear a bellow! x2
You have reached level 11!
The power to cast Fireball wells up from within.
Spell assigned to 'j'.
Casting: Iskenderun's Mystic Blast (safe; 1% risk of failure)
Confirm with . or Enter, or press ? or * to list all spells.
You erupt in a blast of force!
The mystic blast hits the cane toad!
You kill the cane toad!
The mystic blast hits the water moccasin.
The water moccasin is lightly wounded.
The water moccasin is knocked back by the mystic blast.
You hear an angry buzzing noise.
A killer bee comes into view.
Your fulminant prism explodes!
The blast of energy engulfs the blink frog!!
The blink frog is severely wounded.
The blast of energy engulfs you!!
Ouch! That really hurt!
You die...

#..........##
............
#...........
...........
#.......... ##
#..........
#...##..†...##..
#...PS.@.yFPF..
###.........y.y
............>y#.
....#....S..F.y..
... ####.........
.. #......... .
..........
..........


You could see 3 blink frogs, 2 water moccasins and 5 killer bees.

Vanquished Creatures
  Pikel (D:6)
  Maurice (D:8)
  Joseph (D:8)
  A cane toad (Lair:1)
  Maggie (D:6)
  A wyvern (D:7)
  Menkaure (D:5)
  2 steam dragons (D:8)
  Edmund (D:5)
  A water moccasin (D:5)
  3 orc warriors
  3 ice beasts
  2 lemures (D:6)
  3 centaurs
  2 phantoms
  6 bullfrogs
  A kobold brigand (D:7)
  Blork the orc (D:5)
  5 scorpions
  2 necrophages
  A gnoll sergeant (D:7)
  9 wights
  A killer bee (Lair:1)
  7 hounds
  4 jellies
  3 gnoll shamans (D:7)
  An orc priest (D:8)
  Crazy Yiuf (D:5)
  An iguana (D:6)
  5 orc wizards
  13 gnolls
  10 adders
  A shadow imp (D:7)
  A white imp (D:5)
  2 worms
  5 dart slugs
  19 orcs
  8 endoplasms
  3 giant cockroaches
  6 goblins
  4 hobgoblins
  14 jackals
  17 kobolds
  2 quokkas
  7 ball pythons
  5 bats
  A frilled lizard (D:2)
  8 rats
  3 fulminant prisms
201 creatures vanquished.

Vanquished Creatures (others)
  54 fulminant prisms
54 creatures vanquished.

Grand Total: 255 creatures vanquished

Notes
Turn   | Place    | Note
-------+----------+-------------------------------------------
     0 | D:1      | ders the Djinni Conjurer began the quest for the Orb.
     0 | D:1      | ders set off with the following spells memorised: Magic
                  | Dart, Searing Ray, Dazzling Flash, Fulminant Prism,
                  | Iskenderun's Mystic Blast.
     0 | D:1      | Reached XP level 1. HP: 15/15 MP: 0/0
    23 | D:1      | Found Radoha's Distillery.
   482 | D:1      | Found a faded altar of an unknown god.
   487 | D:1      | Reached XP level 2. HP: 18/21 MP: 0/0
  1159 | D:1      | Reached XP level 3. HP: 23/25 MP: 0/0
  1159 | D:1      | Learned a level 1 spell: Sandblast
  1570 | D:2      | Reached skill level 4 in Spellcasting
  1925 | D:2      | Reached XP level 4. HP: 24/31 MP: 0/0
  2712 | D:3      | Found an opulent altar of Gozag.
  2986 | D:3      | Reached XP level 5. HP: 31/35 MP: 0/0
  2986 | D:3      | Learned a level 2 spell: Call Imp
  3720 | D:3      | Reached skill level 5 in Spellcasting
  4336 | D:4      | Reached XP level 6. HP: 36/40 MP: 0/0
  4478 | D:4      | Found a snail-covered altar of Cheibriados.
  4713 | D:4      | Found a glowing silver altar of Zin.
  4715 | D:4      | Noticed an angel
  4716 | D:4      | Found a burning altar of Makhleb.
  4717 | D:4      | Noticed a balrug
  4890 | D:4      | Reached skill level 6 in Spellcasting
  4890 | D:4      | Reached XP level 7. HP: 35/45 MP: 0/0
  4890 | D:4      | Learned a level 3 spell: Gell's Gravitas
  4941 | D:4      | Found Amuckus's Distillery.
  5078 | D:4      | Bought a potion of curing for 36 gold pieces
  5283 | D:4      | Found a glowing golden altar of the Shining One.
  5668 | D:5      | Entered Level 5 of the Dungeon
  6085 | D:5      | Noticed Edmund
  6113 | D:5      | Noticed a water moccasin
  6343 | D:5      | Noticed Menkaure
  6347 | D:5      | Noticed Blork the orc
  6349 | D:5      | Killed Menkaure
  6350 | D:5      | Reached skill level 7 in Spellcasting
  6350 | D:5      | Reached XP level 8. HP: 22/50 MP: 0/0
  6355 | D:5      | Killed Blork the orc
  6846 | D:5      | Killed Edmund
  6847 | D:5      | Reached skill level 8 in Spellcasting
  7151 | D:5      | Found a staircase to the Ecumenical Temple.
  7174 | Temple   | Entered the Ecumenical Temple
  7222 | Temple   | Became a worshipper of Ashenzari the Shackled
  7599 | D:5      | Found a runed translucent door.
  7600 | D:5      | Noticed Crazy Yiuf
  7781 | D:5      | Killed Crazy Yiuf
  8070 | D:6      | Found a transporter.
  8118 | D:6      | Reached XP level 9. HP: 51/55 MP: 0/0
  8118 | D:6      | Learned a level 4 spell: Cause Fear
  8277 | D:6      | Noticed Pikel
  8283 | D:6      | Killed Pikel
  8284 | D:6      | Reached skill level 9 in Spellcasting
  8736 | D:6      | Reached skill level 10 in Spellcasting
  8793 | D:6      | Noticed Maggie
  8802 | D:6      | Killed Maggie
  9024 | D:6      | Found a transporter.
  9242 | D:7      | Reached XP level 10. HP: 37/60 MP: 0/0
  9469 | D:7      | Reached skill level 11 in Spellcasting
 10681 | D:7      | Found a bloodstained altar of Trog.
 10685 | D:7      | Found a basalt altar of Yredelemnul.
 11510 | D:8      | Reached * piety under Ashenzari
 11510 | D:8      | Identified a scroll of acquirement
 11674 | D:8      | Noticed Joseph
 11690 | D:8      | Killed Joseph
 11691 | D:8      | Reached skill level 12 in Spellcasting
 11925 | D:8      | Noticed Maurice
 11942 | D:8      | Killed Maurice
 12473 | D:8      | Found a staircase to the Lair.
 12483 | Lair:1   | Entered Level 1 of the Lair of Beasts
 12484 | Lair:1   | Noticed a cane toad
 12493 | Lair:1   | Reached XP level 11. HP: 37/65 MP: 0/0
 12493 | Lair:1   | Learned a level 5 spell: Fireball
 12493 | Lair:1   | Killed by an exploding fulminant prism

Illustrated notes

Levels and vault maps discovered:
D:1:      amcnicky_arrival_wind_blow, layout_loops_ring, serial_aquarium,
          aquarium_bridge_straight [aquarium_subvault_bridge,
          aquarium_subvault_wall, aquarium_subvault_bridge,
          aquarium_subvault_balcony], aquarium_window_3, aquarium_window_1,
          aquarium_view_4, aquarium_pool_double,
          chequers_ecumenical_altar_simple, serial_shops, shop
D:2:      layout_loops_ring, minmay_octomino_e4
D:3:      layout_loops_corners, nicolae_gozag_seed_capital, kennysheep_path_1,
          minivault_19, minmay_misc_feat_hallway
D:4:      layout_loops_cross, tso_metal_star, mainiacjoe_overflow_catwalk,
          grunt_temple_overflow_order_and_chaos_2, grunt_ministairs_10,
          kennysheep_pointless_box, nicolae_inconvenience_store
D:5:      layout_basic, minmay_temple_entry_sparse_star, uniq_edmund,
          uniq_blork_the_orc, uniq_menkaure, uniq_crazy_yiuf_cottage
D:6:      gammafunk_cloud_chamber, layout_cave_pods, uniq_maggie, uniq_pikel
D:7:      layout_cave_pools, nicolae_overflow_hidden_temple, serial_gnoll_camp,
          gnoll_camp_mini_hut, gnoll_camp_mini_loothouse, gnoll_camp_mini_house,
          gnoll_camp_medium_01
D:8:      layout_rooms, lair_entry_dummy, chequers_avenue, uniq_joseph,
          uniq_maurice
Temple:   eino_wide_crystal_templ
Lair:1:   wad_woods_minihive, layout_layer_cave

Skill      XL: |  1  2  3  4  5  6  7  8  9 10 |
---------------+-------------------------------+-----
Spellcasting   | 4 5 6 7 8 10 12 | 12.5
Dodging        | |  2.1
Stealth        | |  1.5

Action                   |  1- 3 |  4- 6 |  7- 9 | 10-12 || total
-------------------------+-------+-------+-------+-------++-------
 Cast: Magic Dart        |    62 |   113 |    69 |    82 ||   326
       Sandblast         |     1 |       |       |       ||     1
       Searing Ray       |       |    16 |    54 |     4 ||    74
       Fulminant Prism   |       |       |    18 |    39 ||    57
       Iskenderun's Myst |       |       |    10 |    26 ||    36
Invok: Curse Item        |       |       |       |     2 ||     2
  Use: Scroll            |       |       |     2 |       ||     2
Armor: Robe              |     3 |     9 |     3 |     2 ||    17
Dodge: Dodged            |     4 |    26 |    26 |    16 ||    72

Table legend: (Time is in decaauts)
 A = Elapsed time spent in this place.
 B = Non-inter-level travel time spent in this place.
 C = Inter-level travel time spent in this place.
 D = Time resting spent in this place.
 E = Time spent auto-exploring this place.
 F = Levels seen in this place.
 G = Mean time per level.
                   A        B        C        D        E       F      G
               +--------+--------+--------+--------+--------+-----+--------+
         Total |  12493 |  12218 |    275 |   2639 |   8422 |  10 | 1249.3 |
       Dungeon |  12425 |  12164 |    261 |   2639 |   8393 |   8 | 1553.1 |
        Temple |     57 |     43 |     14 |      0 |     29 |   1 |   57.0 |
          Lair |      9 |      9 |      0 |      0 |      0 |   1 |    9.0 |
               +--------+--------+--------+--------+--------+-----+--------+

Top non-repeatable levels by time:
     D:7: 1933 daAuts
     D:4: 1859 daAuts
     D:3: 1642 daAuts
     D:5: 1626 daAuts
     D:1: 1563 daAuts
     D:8: 1376 daAuts
     D:6: 1298 daAuts
     D:2: 1125 daAuts
  Temple: 57 daAuts
  Lair:1: 9 daAuts
